 Seeded DCSS version 0.29-a0-321-gf1c400731a (webtiles) character file.

Game seed: 20220403 (custom seed)

1668 a11behringer the Destroyer (level 9, -1/47 HPs)
             Began as a Tengu Conjurer on Apr 3, 2022.
             Slain by a bullfrog (8 damage)
             ... on level 6 of the Dungeon.
             The game lasted 00:31:22 (6241 turns).

a11behringer the Destroyer (Tengu Conjurer)         Turns: 6241, Time: 00:31:23

Health: -1/47      AC:  4    Str:  7    XL:     9   Next: 1%
Magic:  1/19       EV: 15    Int: 23    God:
Gold:   280        SH:  0    Dex: 13    Spells: 17/20 levels left

rFire   . . .      SeeInvis .   c - staff of conjuration
rCold   . . .      Faith    .   (no shield)
rNeg    + . .      Spirit   .   a - +0 robe
rPois   .          Reflect  .   j - +1 hat
rElec   .          Harm     .   t - +0 cloak
rCorr   .          Rampage  .   (no gloves)
Will    .....                   (boots unavailable)
Stlth   ++........              (no amulet)
HPRegen 0.15/turn               v - ring of positive energy
MPRegen 0.16/turn               (no ring)

@: flying quickly and evasively, quick
A: beak, talons 3, nimble flight
a: no special abilities


You were on level 6 of the Dungeon.
You visited 1 branch of the dungeon, and saw 6 of its levels.

You collected 280 gold pieces.

Inventory:

Hand Weapons
 w - a +0 dagger
 z - a +2 vorpal scimitar
Armour
 a - a +0 robe (worn)
 h - the +1 scale mail "Qoqet" {rF+ Str+4}
   (You found it on level 2 of the Dungeon)

   Str:       It affects your strength (+4).
   rF:        It protects you from fire.
 j - a +1 hat (worn)
 t - a +0 cloak (worn)
 x - a +2 leather armour of cold resistance
Magical Staves
 c - a staff of conjuration (weapon)
Jewellery
 v - a ring of positive energy (left hand)
 A - an amulet of guardian spirit
Wands
 b - a wand of flame (23)
 y - a wand of paralysis (11)
Scrolls
 g - 3 scrolls of teleportation {unknown}
 l - a scroll of noise {unknown}
 m - a scroll of fog {unknown}
 o - 2 scrolls of vulnerability {unknown}
 p - 2 scrolls of magic mapping {unknown}
 s - a scroll of enchant armour {unknown}
 u - a scroll of fear {unknown}
Potions
 d - a potion of attraction
 e - 3 potions of berserk rage
 f - a potion of cancellation {unknown}
 i - a potion of degeneration {unknown}
 k - 2 potions of brilliance
 n - 6 potions of curing
 q - 3 potions of lignification
 r - a potion of might


   Skills:
 + Level 1.3 Fighting
 + Level 0.8 Staves
 + Level 3.2 Dodging
 + Level 3.4 Stealth
 + Level 6.1 Spellcasting
 * Level 11.8 Conjurations


You had 17 spell levels left.
You knew the following spells:

 Your Spells              Type           Power      Damage    Failure   Level
a - Magic Dart            Conj           100%       1d8       1%          1
b - Searing Ray           Conj           100%       2d8       1%          2

Your spell library contained the following spells:

 Spells                   Type           Power      Damage    Failure   Level
 Dazzling Flash           Conj/Hex       100%       N/A       2%          3
 Fulminant Prism          Conj/Hex       25%        3d14      8%          4
 Iskenderun's Mystic Bla  Conj/Tloc      51%        2d11      8%          4
 Sublimation of Blood     Necr           7%         N/A       13%         2
 Wereblood                Tmut           7%         N/A       13%         2
 Summon Hydra             Summ           3%         N/A       100%        7


Dungeon Overview and Level Annotations

Branches:
Dungeon (6/15)
 Temple: D:4-7

Altars:
Dithmenos


Innate Abilities, Weirdness & Mutations

You have a beak for a mouth.
You have claws for feet.
Your magical nature lets you fly swiftly and evasively.


Message History

Press: ? - help, Shift-Dir - straight line, f/p - phantom
Aim: a phantom (severely damaged, 76% to hit)
You feel a surge of power!
The searing ray hits the phantom!
You destroy the phantom! (Press . to maintain the ray.)
You have reached level 9!
Your experience leads to an increase in your attributes!
Increase (S)trength, (I)ntelligence, or (D)exterity?
You feel clever. x2
The bullfrog hits you but does no damage.
Casting: Searing Ray (safe; 1% risk of failure)
Confirm with . or Enter, or press ? or * to list all spells.
Restarting spell: Searing Ray (safe; 1% risk of failure)
Press: ? - help, Shift-Dir - straight line, f - bullfrog
Aim: a bullfrog (79% to hit)
You feel a surge of power!
The searing ray hits the bullfrog.
The bullfrog is moderately wounded. (Press . to maintain the ray.)
The bullfrog hits you.
The bullfrog hits you but does no damage.
The searing ray misses the bullfrog.
The bullfrog hits you.
The searing ray hits the bullfrog.
The bullfrog is heavily wounded.
The bullfrog closely misses you. The bullfrog hits you.
Without enough magic to sustain it, your searing ray dissipates.
The bullfrog completely misses you.
Casting: Searing Ray (safe; 1% risk of failure)
Confirm with . or Enter, or press ? or * to list all spells.
You don't have enough magic to cast this spell.
The bullfrog attacks as you move away! The bullfrog barely misses you.
The bullfrog hits you. The bullfrog hits you.
You see here a +0 hunting sling.
The bullfrog hits you!
* * * LOW HITPOINT WARNING * * *
The bullfrog attacks as you move away! The bullfrog hits you.
* * * LOW HITPOINT WARNING * * *
The bullfrog attacks as you move away! The bullfrog completely misses you.
The bullfrog hits you!
You die...

... .... ...
#..
##..##########
#............#
#..........<)#
#......).F@..#
######.####'##
##.###.####..#
......).......#
..............#
..............#
...###+###'####
?. #....# .
.....#


You could see a bullfrog.

Vanquished Creatures
  Grinder (D:5)
  Prince Ribbit (D:5)
  The ghost of SkeletonJelly the Twirler, an amateur MiGl (D:4)
  A black bear (D:5)
  A centaur (D:4)
  3 phantoms
  A bullfrog (D:4)
  Blork the orc (D:5)
  A scorpion (D:5)
  2 hounds (D:5)
  An orc priest (D:4)
  2 orc wizards (D:5)
  Jessica (D:2)
  4 iguanas
  Ijyb (D:5)
  3 gnolls (D:5)
  9 adders
  A white imp (D:3)
  2 worms
  4 dart slugs
  24 orcs
  9 ball pythons
  4 bats (D:1)
  7 endoplasms
  2 giant cockroaches (D:2)
  9 hobgoblins
  9 jackals
  4 quokkas
  4 frilled lizards
  8 goblins
  5 kobolds
  8 rats
134 creatures vanquished.

Vanquished Creatures (others)
  5 plants (D:2)
5 creatures vanquished.

Grand Total: 139 creatures vanquished

Notes
Turn   | Place    | Note
-------+----------+-------------------------------------------
     0 | D:1      | a11behringer the Tengu Conjurer began the quest for the
                  | Orb.
     0 | D:1      | Reached XP level 1. HP: 10/10 MP: 4/4
   146 | D:1      | Reached XP level 2. HP: 15/15 MP: 4/6
   319 | D:1      | Reached skill level 6 in Conjurations
   504 | D:1      | Reached XP level 3. HP: 19/19 MP: 5/7
   739 | D:1      | Learned a level 2 spell: Searing Ray
   861 | D:1      | Found a faded altar of an unknown god.
  1345 | D:2      | Identified the +1 scale mail "Qoqet" {rF+ Str+4}
  1463 | D:2      | Noticed Jessica
  1465 | D:2      | Killed Jessica
  1466 | D:2      | Reached XP level 4. HP: 24/24 MP: 4/8
  1617 | D:2      | Reached skill level 7 in Conjurations
  2303 | D:3      | Gained mutation: Your magical nature lets you fly swiftly
                  | and evasively. [Tengu growth]
  2303 | D:3      | Reached XP level 5. HP: 28/28 MP: 3/9
  3072 | D:3      | Reached skill level 8 in Conjurations
  3212 | D:3      | Found a shadowy altar of Dithmenos.
  3519 | D:4      | Found a runed translucent door.
  3677 | D:4      | Noticed SkeletonJelly's ghost (amateur MiGl)
  3682 | D:4      | Reached XP level 6. HP: 32/32 MP: 5/11
  4497 | D:4      | Reached skill level 9 in Conjurations
  4497 | D:4      | Reached XP level 7. HP: 19/36 MP: 3/13
  4499 | D:4      | Killed SkeletonJelly's ghost
  4742 | D:5      | Entered Level 5 of the Dungeon
  4881 | D:5      | Reached skill level 10 in Conjurations
  4928 | D:5      | Noticed Ijyb
  4934 | D:5      | Reached XP level 8. HP: 38/41 MP: 1/16
  4938 | D:5      | Killed Ijyb
  5029 | D:5      | Noticed Prince Ribbit
  5036 | D:5      | Noticed Grinder
  5037 | D:5      | Reached skill level 5 in Spellcasting
  5039 | D:5      | Paralysed by Grinder for 3 turns
  5464 | D:5      | Noticed Blork the orc
  5470 | D:5      | Killed Blork the orc
  5581 | D:5      | Paralysed by Grinder for 7 turns
  5589 | D:5      | Killed Grinder
  5590 | D:5      | Reached skill level 1 in Fighting
  5590 | D:5      | Reached skill level 11 in Conjurations
  5828 | D:5      | Killed Prince Ribbit
  6230 | D:6      | Reached XP level 9. HP: 36/47 MP: 5/19
  6241 | D:6      | Slain by a bullfrog

Illustrated notes

Levels and vault maps discovered:
D:1:      lemuel_arrival_room, layout_loops_cross,
          dreamdust_ecumenical_altar_statues, lemuel_flame_loot_1
D:2:      cheibrodos_old_hovel, layout_loops_cross, kennysheep_generic_room_6,
          uniq_jessica
D:3:      layout_loops_cross, nicolae_dithmenos_through_a_glass_darkly,
          serial_rivers, chequers_serial_rivers_small_b,
          chequers_serial_rivers_small_3, chequers_serial_rivers_small_b,
          chequers_serial_rivers_small_3, chequers_serial_rivers_micro_c
D:4:      nicolae_BIG_FREAKIN_CUBE, layout_rooms, ebering_ghost_sewer_d,
          palyth_stone_intersect, chequers_serial_rivers_micro_d
D:5:      layout_cave_pools, lemuel_old_faithful, uniq_prince_ribbit1,
          uniq_blork_the_orc, uniq_ijyb, uniq_grinder
D:6:      layout_gridville

Skill      XL: |  1  2  3  4  5  6  7  8 |
---------------+-------------------------+-----
Conjurations   | 6 7 8 9 10 11 | 11.8
Spellcasting   | 3 4 6 |  6.1
Stealth        | 3 |  3.4
Fighting       | 1 |  1.3
Dodging        | 3 |  3.2
Staves         | |  0.8

Action                   |  1- 3 |  4- 6 |  7- 9 || total
-------------------------+-------+-------+-------++-------
Melee: Staff             |     1 |     1 |     6 ||     8
       Kick              |       |     1 |     1 ||     2
       Peck              |       |       |     1 ||     1
 Cast: Magic Dart        |    67 |   100 |    52 ||   219
       Searing Ray       |     1 |    22 |    21 ||    44
  Use: Scroll            |       |       |     6 ||     6
       Potion            |       |       |     1 ||     1
Armor: Robe              |     1 |       |    11 ||    12
Dodge: Dodged            |     9 |    20 |    22 ||    51

Table legend: (Time is in decaauts)
 A = Elapsed time spent in this place.
 B = Non-inter-level travel time spent in this place.
 C = Inter-level travel time spent in this place.
 D = Time resting spent in this place.
 E = Time spent auto-exploring this place.
 F = Levels seen in this place.
 G = Mean time per level.
                   A        B        C        D        E       F      G
               +--------+--------+--------+--------+--------+-----+--------+
         Total |   6076 |   5685 |    391 |      0 |   4991 |   6 | 1012.7 |
       Dungeon |   6076 |   5685 |    391 |      0 |   4991 |   6 | 1012.7 |
               +--------+--------+--------+--------+--------+-----+--------+

Top non-repeatable levels by time:
     D:4: 1329 daAuts
     D:3: 1238 daAuts
     D:1: 1234 daAuts
     D:2: 1140 daAuts
     D:5: 1093 daAuts
     D:6: 38 daAuts
